 Dungeon Crawl Stone Soup version 0.19.0-2-gae57169 (webtiles) character file.

52 Gingerlord the Chopper (level 3, 0/31 HPs)
             Began as a Minotaur Gladiator on Nov 6, 2016.
             Succumbed to Crazy Yiuf's poison
             ... on level 2 of the Dungeon.
             The game lasted 00:02:49 (1570 turns).

Gingerlord the Chopper (Minotaur Gladiator)         Turns: 1570, Time: 00:02:50

Health: 0/31       AC:  6    Str: 19    XL:     3   Next: 60%
Magic:  2/2        EV:  8    Int:  5    God:
Gold:   90         SH: 11    Dex: 11    Spells: 0 memorised, 2 levels left

rFire  . . .     SeeInvis .     a - +0 war axe
rCold  . . .     Gourm    .     j - +1 ring mail {MR+}
rNeg   + . .     Faith    .     l - +0 shield
rPois  .         Spirit   .     c - +0 hat
rElec  .         Reflect  +     (no cloak)
rCorr  +         Harm     .     (no gloves)
MR     +....                    (no boots)
Stlth  +.........               e - +4 amulet of reflection
                                n - ring of positive energy
                                m - ring of resist corrosion

@: lethally poisoned (0 -> -5), heavily drained
A: retaliatory headbutt, horns 2
a: no special abilities


You were on level 2 of the Dungeon.
You were very hungry.

You visited 1 branch of the dungeon, and saw 2 of its levels.

You collected 90 gold pieces.

Inventory:

Hand Weapons
 a - a +0 war axe (weapon)
Missiles
 d - 3 throwing nets (quivered)
Armour
 c - a +0 hat (worn)
 j - a +1 ring mail of magic resistance (worn)
 l - a +0 shield (worn)
Jewellery
 e - a +4 amulet of reflection (around neck)
 m - a ring of resist corrosion (left hand)
 n - a ring of positive energy (right hand)
 o - an uncursed ring of flight
Scrolls
 b - a scroll of enchant weapon {unknown}
 i - 4 scrolls of identify {unknown}
 k - a scroll of immolation {unknown}
 r - a scroll of blinking {unknown}
 s - a scroll of remove curse {unknown}
 t - a scroll of fear {unknown}
 u - a scroll of teleportation {unknown}
Potions
 g - 2 potions of berserk rage {unknown}
 p - a potion of beneficial mutation {unknown}
 q - a potion of haste {unknown}
 v - a potion of heal wounds {unknown}
Comestibles
 f - 2 bread rations
 h - 2 meat rations


   Skills:
 + Level 3.2(1.6) Fighting
 + Level 3.9(2.3) Axes
 - Level 2.0(0.4) Throwing
 + Level 1.9(0.3) Armour
 + Level 3.6(1.9) Dodging
 + Level 1.2(0.0) Shields


You had 2 spell levels left.
You didn't know any spells.

Dungeon Overview and Level Annotations

Branches:
Dungeon (2/15)

Altars:

Annotations:
D:2 Crazy Yiuf


Innate Abilities, Weirdness & Mutations

You reflexively headbutt those who attack you in melee.
You have a pair of horns on your head.


Message History

You feel sick. You block Crazy Yiuf's attack.
Your shield and ring mail prevent you from hitting Crazy Yiuf.
Your headbutt misses Crazy Yiuf.
Crazy Yiuf is lightly wounded.
Crazy Yiuf closely misses you. You furiously retaliate!
You headbutt Crazy Yiuf, but do no damage.
You closely miss Crazy Yiuf. You headbutt Crazy Yiuf.
Crazy Yiuf is moderately wounded.
You feel sick.
Crazy Yiuf hits you with a quarterstaff of chaos. x2
Crazy Yiuf freezes you.
* * * LOW HITPOINT WARNING * * *
You slash Crazy Yiuf! Your headbutt misses Crazy Yiuf.
Crazy Yiuf is almost dead.
You feel sick.
Crazy Yiuf says, "Seed return to song tea!"
Crazy Yiuf hits you with a quarterstaff of chaos!
* * * LOW HITPOINT WARNING * * *
Crazy Yiuf says, "Snoogle stair mumblescurry!"
You die...

......####.#.#
#......###.#.#####
##.......#.#.# #......#
#.#.# ##.......#.#.#
#......# #...# #
##.......#.#.# #......#
##..# # ##.......#####
######## #..# #
.........# ##.# #
(.##.....##♣♣♣♣♣ #.## #
..####'##....♣.♣♣♣ ####
###..####
..............♣.@♣#...#
#......##
.............♣♣♣♣.g...#
#......##
............♣♣ ♣♣#..)#
#........ .........##♣♣
#### #........
..÷......# #........
#........# #......#+
#........##############
##.......
#.........#....^......#
#.#...##
#.........##.##.......#
#.#.....


You could see Crazy Yiuf.

Vanquished Creatures
  An adder (D:2)
  A worm (D:2)
  2 dart slugs
  A leopard gecko (D:2)
  3 giant cockroaches
  2 goblins (D:2)
  4 hobgoblins
  4 jackals (D:2)
  4 kobolds (D:1)
  A ball python (D:2)
  5 bats
  2 frilled lizards
  3 rats
33 creatures vanquished.

Notes
Turn   | Place    | Note
-------+----------+-------------------------------------------
     0 | D:1      | Gingerlord the Minotaur Gladiator began the quest for the Orb.
     0 | D:1      | Reached XP level 1. HP: 18/18 MP: 0/0
   193 | D:1      | Reached skill level 1 in Armour
   193 | D:1      | Reached XP level 2. HP: 25/25 MP: 1/1
   589 | D:2      | Reached XP level 3. HP: 24/31 MP: 2/2
  1036 | D:2      | Reached skill level 1 in Shields
  1249 | D:2      | Found a runed door.
  1560 | D:2      | Noticed Crazy Yiuf
  1568 | D:2      | HP: 1/31 [Crazy Yiuf/quarterstaff of chaos (7)]
  1570 | D:2      | Succumbed to Crazy Yiuf's poison

Skill      XL: |  1  2  3 |
---------------+----------+-----
Armour         | 1 |  1.9
Fighting       | 3 |  3.2
Shields        | 1 |  1.2
Axes           | |  3.9
Throwing       | |  2.0
Dodging        | |  3.6

Action                   || total
-------------------------++-------
Melee: War axe           ||    84
       Headbutt          ||    10
  Eat: Chunk             ||     1
Armor: Ring mail         ||    29
       Leather armour    ||     1
Dodge: Dodged            ||    29
Block: Reflection        ||     3
       Other             ||     1
       Shield            ||    53
